[Event "GER-ch Youth-U18w 2023"]
[Site "Willingen"]
[Date "2023.05.31"]
[Round "5.5"]
[White "Reuter, Elisa"]
[Black "Adelhardt, Lisa"]
[Result "1/2-1/2"]
[Annotator "RC"]
[ECO "B40"]
[WhiteElo "1944"]
[BlackElo "1656"]
[PlyCount "35"]
[EventDate "2022.06.05"]
[EventType "swiss"]
[EventRounds "9"]
[EventCountry "GER"]
[SourceTitle "playchess.com"]
[Source "ChessBase"]
[SourceQuality "1"]
[TimeControl "40/4500+30:900+30"]

1. e4 c5 2. Nf3 e6 3. d4 cxd4 4. Nxd4 Nf6 5. Bd3 Nc6 6. Nxc6 bxc6 7. Qe2 d5 8. Nd2 Bc5 9. O-O O-O 10. Nb3 Bb6 11. Bg5 Qc7 12. Bxf6 gxf6 13. Qg4+ Kh8 14. Qh4 Qe5 15. exd5 f5 16. dxe6 fxe6 17. c3 Rg8 18. Rfe1 1/2-1/2

[Event "GER-ch Youth-U18w 2023"]
[Site "Willingen"]
[Date "2023.05.31"]
[Round "5.6"]
[White "Zoellner, Bente"]
[Black "Doll, Rebecca"]
[Result "1/2-1/2"]
[Annotator "RC"]
[ECO "D36"]
[WhiteElo "1700"]
[BlackElo "1918"]
[PlyCount "84"]
[EventDate "2022.06.05"]
[EventType "swiss"]
[EventRounds "9"]
[EventCountry "GER"]
[SourceTitle "playchess.com"]
[Source "ChessBase"]
[SourceQuality "1"]
[TimeControl "40/4500+30:900+30"]

1. d4 d5 2. c4 e6 3. Nc3 Nf6 4. cxd5 exd5 5. Bg5 Nbd7 6. e3 Be7 7. Bd3 c6 8. Nge2 O-O 9. Qc2 Re8 10. O-O Nf8 11. a3 b5 12. Kh1 g6 13. f3 Ne6 14. Bh4 Bb7 15. Rad1 Rc8 16. b4 a5 17. Qb3 axb4 18. axb4 Ra8 19. Ra1 Qd6 20. Rxa8 Rxa8 21. Rb1 Kg7 22. Bg3 Qd8 23. Be5 Bd6 24. e4 dxe4 25. Nxe4 Bxe5 26. dxe5 Nxe4 27. Bxe4 Qd2 28. Qd3 Rd8 29. Qxd2 Rxd2 30. Nc3 Nd4 31. Rd1 Rxd1+ 32. Nxd1 Bc8 33. Kg1 Bf5 34. Bxf5 gxf5 35. Nb2 f6 36. exf6+ Kxf6 37. Kf2 Ke5 38. Nd3+ Kd5 39. Ke3 Nb3 40. Kf4 Kd4 41. Ne5 c5 42. bxc5 Nxc5 1/2-1/2

[Event "GER-ch Youth-U18w 2023"]
[Site "Willingen"]
[Date "2023.05.31"]
[Round "5.7"]
[White "Cordes, Jule"]
[Black "Derling, Charlotte"]
[Result "1-0"]
[Annotator "NA RC"]
[ECO "E90"]
[WhiteElo "1744"]
[BlackElo "1664"]
[PlyCount "69"]
[EventDate "2022.06.05"]
[EventType "swiss"]
[EventRounds "9"]
[EventCountry "GER"]
[SourceTitle "playchess.com"]
[Source "ChessBase"]
[SourceQuality "1"]
[TimeControl "40/4500+30:900+30"]

1. d4 Nf6 2. c4 g6 3. Nc3 Bg7 4. Nf3 O-O 5. Bg5 c5 6. d5 d6 7. e4 h6 8. Bh4 Qa5 9. Nd2 Na6 10. Be2 Bd7 11. O-O Rab8 12. a4 Nb4 13. f4 a6 14. e5 dxe5 15. fxe5 Nh7 16. Bxe7 Rfe8 17. Nb3 Qb6 18. Bxc5 Qd8 19. e6 fxe6 20. dxe6 Bxe6 21. Qxd8 Rexd8 22. Bxb4 Rbc8 23. Rad1 Rxd1 24. Rxd1 Bxc4 25. Bxc4+ Rxc4 26. Rd8+ Nf8 27. Ba3 Kf7 28. Bxf8 Bxf8 29. Rd7+ Kg8 30. Rxb7 Rc6 31. a5 Bg7 32. Rb6 Rc4 33. Rxa6 Rb4 34. Rb6 Rc4 35. a6 1-0

[Event "GER-ch Youth-U18w 2023"]
[Site "Willingen"]
[Date "2023.05.31"]
[Round "5.8"]
[White "Kieckbusch, Lotta"]
[Black "Glowiak, Alexandra"]
[Result "1-0"]
[Annotator "NA RC"]
[ECO "C56"]
[WhiteElo "1308"]
[BlackElo "1660"]
[PlyCount "63"]
[EventDate "2022.06.05"]
[EventType "swiss"]
[EventRounds "9"]
[EventCountry "GER"]
[SourceTitle "playchess.com"]
[Source "ChessBase"]
[SourceQuality "1"]
[TimeControl "40/4500+30:900+30"]

1. e4 e5 2. Nf3 Nc6 3. d4 exd4 4. Bc4 Nf6 5. e5 d5 6. Bb5 Ne4 7. Nxd4 Bd7 8. Bxc6 bxc6 9. O-O Bc5 10. f3 Ng5 11. f4 Ne4 12. Be3 Bb6 13. Nd2 Nxd2 14. Qxd2 c5 15. Nf3 d4 16. Bf2 Bc6 17. Rae1 Bxf3 18. gxf3 Qd5 19. Bh4 Kd7 20. a4 a5 21. Qd3 c4 22. Qf5+ Kc6 23. Kh1 Rab8 24. b3 cxb3 25. cxb3 Qxb3 26. Qe4+ Kd7 27. Rc1 c5 28. f5 f6 29. e6+ Ke7 30. Qc6 Rhd8 31. Bg3 Ba7 32. Qc7+ 1-0

[Event "GER-ch Youth-U18w 2023"]
[Site "Willingen"]
[Date "2023.05.31"]
[Round "5.9"]
[White "Henninger, Claire"]
[Black "Werner, Rosalie"]
[Result "0-1"]
[Annotator "NA RC"]
[ECO "C01"]
[WhiteElo "1610"]
[BlackElo "1751"]
[PlyCount "152"]
[EventDate "2022.06.05"]
[EventType "swiss"]
[EventRounds "9"]
[EventCountry "GER"]
[SourceTitle "playchess.com"]
[Source "ChessBase"]
[SourceQuality "1"]
[TimeControl "40/4500+30:900+30"]

1. e4 e6 2. d4 d5 3. exd5 exd5 4. Bd3 Bd6 5. Nf3 Ne7 6. O-O Nbc6 7. c3 Bg4 8. h3 Bf5 9. Re1 O-O 10. b3 Bxd3 11. Qxd3 Ng6 12. Be3 Nce7 13. Nbd2 Qd7 14. Nf1 Nf5 15. Bd2 f6 16. c4 Bf4 17. Ne3 Bxe3 18. Bxe3 c6 19. Rad1 Nge7 20. Bf4 g5 21. Bh2 Ng6 22. c5 Kg7 23. Nd2 h5 24. Nf1 Rh8 25. Re2 h4 26. f3 Kf7 27. Rde1 Ng7 28. Ne3 Rae8 29. Ng4 Nh5 30. Qd2 Nhf4 31. Re3 Rxe3 32. Qxe3 Qc7 33. Nf2 Qd7 34. Ng4 b6 35. b4 b5 36. a3 a6 37. Kf2 Qc7 38. Kf1 Qd7 39. Nf2 Re8 40. Qxe8+ Qxe8 41. Rxe8 Kxe8 42. Ng4 Ke7 43. Ne3 Ke6 44. Nc2 Nd3 45. Bc7 Nb2 46. Ke2 Nc4 47. Kd3 f5 48. Bh2 f4 49. Bg1 Ne7 50. Bf2 Nf5 51. Bg1 Ng3 52. Bf2 Nf1 53. Kc3 Kf5 54. Ne1 Nxa3 55. Nd3 Nc4 56. Ne1 Ke6 57. Nd3 Nfe3 58. Ne1 Nd1+ 59. Kd3 Nxf2+ 60. Ke2 Nh1 61. Kd3 Ng3 62. Kc3 Nf5 63. Kd3 Nfe3 64. Kc3 Kd7 65. Kd3 Kc7 66. Kc3 Kb7 67. Kb3 a5 68. Nd3 Nxg2 69. Ne5 Nxe5 70. dxe5 a4+ 71. Kc3 Ne3 72. e6 Nf5 73. Kd3 Kc7 74. Kd2 a3 75. Kc3 d4+ 76. Kb3 d3 0-1

[Event "GER-ch Youth-U18w 2023"]
[Site "Willingen"]
[Date "2023.05.31"]
[Round "5.10"]
[White "Petersen, Sophie"]
[Black "Avetyan, Manan"]
[Result "1-0"]
[Annotator "NA RC"]
[ECO "C78"]
[WhiteElo "1763"]
[BlackElo "1368"]
[PlyCount "27"]
[EventDate "2022.06.05"]
[EventType "swiss"]
[EventRounds "9"]
[EventCountry "GER"]
[SourceTitle "playchess.com"]
[Source "ChessBase"]
[SourceQuality "1"]
[TimeControl "40/4500+30:900+30"]

1. e4 e5 2. Nf3 Nc6 3. Bb5 a6 4. Ba4 Nf6 5. O-O b5 6. Bb3 Nxe4 7. d4 exd4 8. Re1 d5 9. Nxd4 Bc5 10. Nxc6 Bxf2+ 11. Kh1 Qh4 12. Qxd5 Be6 13. Rxe4 O-O 14. Qe5 1-0

[Event "GER-ch Youth-U18w 2023"]
[Site "Willingen"]
[Date "2023.05.31"]
[Round "5.11"]
[White "Foltin, Alica"]
[Black "Dohon, Maria-Johanna"]
[Result "1-0"]
[Annotator "NA RC"]
[ECO "A63"]
[WhiteElo "1540"]
[BlackElo "1507"]
[PlyCount "111"]
[EventDate "2022.06.05"]
[EventType "swiss"]
[EventRounds "9"]
[EventCountry "GER"]
[SourceTitle "playchess.com"]
[Source "ChessBase"]
[SourceQuality "1"]
[TimeControl "40/4500+30:900+30"]

1. d4 Nf6 2. c4 g6 3. g3 Bg7 4. Bg2 O-O 5. Nf3 d6 6. O-O c5 7. d5 a6 8. a4 e6 9. Nc3 exd5 10. cxd5 Nbd7 11. a5 Qc7 12. e4 Re8 13. Nd2 Ne5 14. f4 Nd3 15. Nc4 Nxc1 16. Rxc1 Nd7 17. Qc2 b5 18. axb6 Nxb6 19. Nxb6 Qxb6 20. Na4 Qb4 21. e5 Bf5 22. Qd1 Bd7 23. b3 Bf8 24. Rc4 Qa5 25. Re1 Rab8 26. Rce4 Bf5 27. R4e3 Bd7 28. Nb2 Bb5 29. g4 dxe5 30. fxe5 Bg7 31. Nc4 Bxc4 32. bxc4 Rbd8 33. d6 Qb6 34. Rb3 Qa5 35. Rbe3 Qb6 36. Bd5 Rf8 37. Rf3 Bxe5 38. Rxe5 Rxd6 39. Qa4 Qb1+ 40. Rf1 Qd3 41. Qd1 Qxd1 42. Rxd1 Rdd8 43. Ra1 Rd6 44. Re7 Rf6 45. g5 Rf4 46. Re4 Rxe4 47. Bxe4 Re8 48. Bd5 Re5 49. h4 Rf5 50. Kg2 Rf4 51. Kg3 Rf5 52. Rxa6 Kf8 53. Rf6 Rxf6 54. gxf6 h6 55. Kf4 Ke8 56. Ke5 1-0

[Event "GER-ch Youth-U18w 2023"]
[Site "Willingen"]
[Date "2023.05.31"]
[Round "5.12"]
[White "Evering, Enna"]
[Black "Gossing, Marie-Sophie"]
[Result "1/2-1/2"]
[Annotator "NA RC"]
[ECO "C29"]
[WhiteElo "1548"]
[BlackElo "1395"]
[PlyCount "88"]
[EventDate "2022.06.05"]
[EventType "swiss"]
[EventRounds "9"]
[EventCountry "GER"]
[SourceTitle "playchess.com"]
[Source "ChessBase"]
[SourceQuality "1"]
[TimeControl "40/4500+30:900+30"]

1. e4 e5 2. Nc3 Nf6 3. f4 d5 4. fxe5 Nxe4 5. Qf3 Nxc3 6. bxc3 Be6 7. d4 Be7 8. Bd3 c5 9. Ne2 Qd7 10. O-O Nc6 11. Be3 O-O-O 12. Bb5 c4 13. Nf4 Bg4 14. Bxc6 bxc6 15. Qg3 Rhg8 16. Rab1 Bf5 17. Nh5 Be6 18. Bg5 Rdf8 19. Bxe7 Qxe7 20. Rb4 Qc7 21. Rfb1 Bf5 22. R4b2 a5 23. Qg5 Be6 24. Qe7 Re8 25. Qxc7+ Kxc7 26. Rb7+ Kd8 27. Rb8+ Ke7 28. R1b7+ Bd7 29. Rxe8+ Rxe8 30. Ra7 Rb8 31. Nxg7 Kf8 32. Nh5 Bg4 33. Nf6 Rb1+ 34. Kf2 Be6 35. Nxh7+ Kg7 36. Ng5 Kg6 37. Nxe6 fxe6 38. Rxa5 Rb2 39. Kf3 Rxc2 40. Ra3 Kg5 41. Kg3 Rd2 42. h4+ Kh5 43. Kh3 Rd3+ 44. g3 Re3 1/2-1/2

[Event "GER-ch Youth-U18w 2023"]
[Site "Willingen"]
[Date "2023.05.31"]
[Round "6.2"]
[White "Wagner, Margarethe"]
[Black "Groeschel, Karoline"]
[Result "1-0"]
[Annotator "NA RC"]
[ECO "B42"]
[WhiteElo "1831"]
[BlackElo "1892"]
[PlyCount "109"]
[EventDate "2022.06.05"]
[EventType "swiss"]
[EventRounds "9"]
[EventCountry "GER"]
[SourceTitle "playchess.com"]
[Source "ChessBase"]
[SourceQuality "1"]
[TimeControl "40/4500+30:900+30"]

1. e4 c5 2. Nf3 e6 3. d4 cxd4 4. Nxd4 Nf6 5. Bd3 d6 6. O-O a6 7. c4 Be7 8. Nc3 Qc7 9. Qe2 Nbd7 10. Bd2 b6 11. b3 Bb7 12. Rac1 O-O 13. Rfe1 Rfe8 14. Kh1 Nf8 15. Bb1 Rac8 16. f3 Qb8 17. Qf2 Bd8 18. Nc2 Bc7 19. f4 N8d7 20. Ne3 Nc5 21. Nf1 Qa8 22. Ng3 Rcd8 23. h3 Qb8 24. Rcd1 Bc6 25. Be3 Qb7 26. Bd4 e5 27. fxe5 dxe5 28. Bxc5 bxc5 29. Rxd8 Bxd8 30. Nf5 Qb6 31. Rd1 Bc7 32. Qg3 g6 33. Ne3 Nh5 34. Qf2 Nf4 35. Ned5 Bxd5 36. exd5 Bd6 37. Ne4 f5 38. Nf6+ Kf7 39. Nxe8 Kxe8 40. Qh4 Qc7 41. Qf6 a5 42. g3 Nh5 43. Qe6+ Kf8 44. g4 Ng3+ 45. Kg2 f4 46. h4 Qe7 47. Qc8+ Kg7 48. g5 e4 49. Qe6 Qxe6 50. dxe6 Be5 51. Bxe4 Nxe4 52. Re1 f3+ 53. Kxf3 Bd6 54. Kxe4 Kf8 55. Kd5 1-0

[Event "GER-ch Youth-U18w 2023"]
[Site "Willingen"]
[Date "2023.05.31"]
[Round "6.3"]
[White "Buchholz, Maja Patricia"]
[Black "Peglau, Mirjam"]
[Result "1-0"]
[Annotator "RC"]
[ECO "A34"]
[WhiteElo "1899"]
[BlackElo "1932"]
[PlyCount "93"]
[EventDate "2022.06.05"]
[EventType "swiss"]
[EventRounds "9"]
[EventCountry "GER"]
[SourceTitle "playchess.com"]
[Source "ChessBase"]
[SourceQuality "1"]
[TimeControl "40/4500+30:900+30"]

1. c4 c5 2. g3 Nf6 3. Bg2 d5 4. cxd5 Nxd5 5. Nc3 Nc7 6. Nf3 Nc6 7. a3 f6 8. b4 cxb4 9. axb4 e5 10. Rb1 Bf5 11. b5 Bxb1 12. bxc6 Bf5 13. cxb7 Rb8 14. Nh4 Bd7 15. Qc2 Be7 16. Nf5 O-O 17. Qa2+ Be6 18. Nxe7+ Qxe7 19. Qxa7 Qd7 20. Ba3 Rfd8 21. O-O Nd5 22. Rb1 Nxc3 23. dxc3 Bf5 24. Rc1 e4 25. Rb1 Kh8 26. h4 e3 27. Rc1 exf2+ 28. Kxf2 Bg4 29. c4 Re8 30. e3 h5 31. Kg1 Qc7 32. Kh2 g5 33. hxg5 h4 34. Qd4 Qxg3+ 35. Kh1 Re5 36. Qf4 Qxe3 37. Qxe3 Rxe3 38. Bb2 h3 39. Bxf6+ Kh7 40. Bd5 Bf3+ 41. Bxf3 Rxf3 42. Rb1 Rf5 43. Rb6 Kg8 44. Bd4 Rxg5 45. c5 Rd5 46. c6 Rxd4 47. c7 1-0

[Event "GER-ch Youth-U18w 2023"]
[Site "Willingen"]
[Date "2023.05.31"]
[Round "6.4"]
[White "Adelhardt, Lisa"]
[Black "Cordes, Jule"]
[Result "1/2-1/2"]
[Annotator "NA RC"]
[ECO "C02"]
[WhiteElo "1656"]
[BlackElo "1744"]
[PlyCount "61"]
[EventDate "2022.06.05"]
[EventType "swiss"]
[EventRounds "9"]
[EventCountry "GER"]
[SourceTitle "playchess.com"]
[Source "ChessBase"]
[SourceQuality "1"]
[TimeControl "40/4500+30:900+30"]

1. e4 e6 2. d4 d5 3. e5 c5 4. Nf3 Nc6 5. c3 Qb6 6. a3 c4 7. Nbd2 Na5 8. Rb1 Bd7 9. g3 Ne7 10. h4 h6 11. h5 O-O-O 12. Nh4 Kb8 13. f4 Nc8 14. Bh3 Be7 15. Ng2 f6 16. O-O Qc7 17. Nf3 Nb3 18. Be3 Nb6 19. Ngh4 Rhe8 20. Ng6 Na4 21. Nxe7 Rxe7 22. g4 f5 23. gxf5 exf5 24. Nh4 Rf7 25. Kh2 Be6 26. Rg1 Qd7 27. Qc2 Re8 28. Rg2 Ka8 29. Rbg1 Rc8 30. Rg6 Re8 31. R1g2 1/2-1/2

[Event "GER-ch Youth-U18w 2023"]
[Site "Willingen"]
[Date "2023.05.31"]
[Round "6.5"]
[White "Doll, Rebecca"]
[Black "Hafermann, Lara"]
[Result "0-1"]
[Annotator "NA RC"]
[ECO "B32"]
[WhiteElo "1918"]
[BlackElo "1498"]
[PlyCount "92"]
[EventDate "2022.06.05"]
[EventType "swiss"]
[EventRounds "9"]
[EventCountry "GER"]
[SourceTitle "playchess.com"]
[Source "ChessBase"]
[SourceQuality "1"]
[TimeControl "40/4500+30:900+30"]

1. e4 c5 2. Nf3 Nc6 3. d4 cxd4 4. Nxd4 e5 5. Nb5 d6 6. N1c3 a6 7. Na3 Be7 8. Nc4 b5 9. Ne3 Nf6 10. a3 O-O 11. g3 Be6 12. Bg2 Qd7 13. O-O Rfd8 14. f4 Qb7 15. f5 Bd7 16. Ncd5 Nxd5 17. Nxd5 f6 18. Be3 Be8 19. Qd2 Bf7 20. Rfc1 Bf8 21. c4 Ne7 22. Nb6 Rab8 23. b3 Nc8 24. Nd5 Ne7 25. Rc2 bxc4 26. bxc4 Nxd5 27. cxd5 Rdc8 28. Rac1 Be8 29. Rc3 Be7 30. Bf1 Bd8 31. Kg2 Ba5 32. Rxc8 Bxd2 33. Rxb8 Qxb8 34. Bxd2 Qb2 35. Rc8 Qxd2+ 36. Kh3 Kf7 37. Bxa6 Qd4 38. Rc7+ Kf8 39. Bc8 Qxe4 40. Be6 Qa4 41. Rc8 Qa7 42. Kg2 Ke7 43. h4 Qb7 44. Kh3 Bd7 45. Rg8 Bxe6 46. fxe6 Qxd5 0-1

[Event "GER-ch Youth-U18w 2023"]
[Site "Willingen"]
[Date "2023.05.31"]
[Round "6.6"]
[White "Reuter, Elisa"]
[Black "Kieckbusch, Lotta"]
[Result "1-0"]
[Annotator "NA RC"]
[ECO "B01"]
[WhiteElo "1944"]
[BlackElo "1308"]
[PlyCount "59"]
[EventDate "2022.06.05"]
[EventType "swiss"]
[EventRounds "9"]
[EventCountry "GER"]
[SourceTitle "playchess.com"]
[Source "ChessBase"]
[SourceQuality "1"]
[TimeControl "40/4500+30:900+30"]

1. e4 d5 2. exd5 Qxd5 3. Nc3 Qd6 4. d4 g6 5. Nf3 Bg7 6. Nb5 Qd8 7. a4 a6 8. Na3 a5 9. c3 Bg4 10. h3 Bf5 11. Nc4 Nf6 12. Nce5 Nd5 13. Bc4 c6 14. Qb3 Qc8 15. Bxd5 cxd5 16. Qxd5 Be6 17. Qb5+ Nd7 18. Ng5 Bxe5 19. Nxe6 Bf6 20. Nc5 b6 21. Nxd7 Qxd7 22. Qxd7+ Kxd7 23. Be3 Rac8 24. Kd2 Rhd8 25. Ke2 Kc6 26. Rhd1 Kb7 27. Rac1 e6 28. b3 Bg7 29. c4 Bf8 30. d5 1-0

[Event "GER-ch Youth-U18w 2023"]
[Site "Willingen"]
[Date "2023.05.31"]
[Round "6.7"]
[White "Werner, Rosalie"]
[Black "Kalina, Lena"]
[Result "1/2-1/2"]
[Annotator "NA RC"]
[ECO "B36"]
[WhiteElo "1751"]
[BlackElo "1776"]
[PlyCount "97"]
[EventDate "2022.06.05"]
[EventType "swiss"]
[EventRounds "9"]
[EventCountry "GER"]
[SourceTitle "playchess.com"]
[Source "ChessBase"]
[SourceQuality "1"]
[TimeControl "40/4500+30:900+30"]

1. e4 c5 2. Nf3 Nc6 3. d4 cxd4 4. Nxd4 g6 5. c4 Nf6 6. Nc3 Nxd4 7. Qxd4 d6 8. Be3 Bg7 9. f3 O-O 10. Qd2 a5 11. Be2 a4 12. O-O Qa5 13. Rab1 Be6 14. Rfc1 Rfc8 15. Nb5 Qxd2 16. Bxd2 Nd7 17. Be3 Ne5 18. b3 Nc6 19. Kf1 a3 20. Bd2 f5 21. Bd3 Bb2 22. Rd1 Ne5 23. Ke2 Bd7 24. Bc3 Bxc3 25. Nxc3 e6 26. Rbc1 Kf7 27. f4 Ng4 28. h3 Nf6 29. Bb1 Ke7 30. Ke3 Bc6 31. g3 Ra5 32. Bd3 fxe4 33. Bxe4 Bxe4 34. Nxe4 Nxe4 35. Kxe4 Rac5 36. Kd4 b5 37. Re1 bxc4 38. Rxc4 Rd5+ 39. Kc3 Rxc4+ 40. bxc4 Rh5 41. h4 Rc5 42. Kb4 h6 43. Re4 g5 44. hxg5 hxg5 45. Kxa3 gxf4 46. Rxf4 Rg5 47. Rf3 Rg4 48. Kb3 Kd7 49. a4 1/2-1/2

[Event "GER-ch Youth-U18w 2023"]
[Site "Willingen"]
[Date "2023.05.31"]
[Round "6.8"]
[White "Zoellner, Bente"]
[Black "Petersen, Sophie"]
[Result "0-1"]
[Annotator "NA RC"]
[ECO "D61"]
[WhiteElo "1700"]
[BlackElo "1763"]
[PlyCount "63"]
[EventDate "2022.06.05"]
[EventType "swiss"]
[EventRounds "9"]
[EventCountry "GER"]
[SourceTitle "playchess.com"]
[Source "ChessBase"]
[SourceQuality "1"]
[TimeControl "40/4500+30:900+30"]

1. d4 d5 2. Nf3 e6 3. c4 a6 4. cxd5 exd5 5. Nc3 Nf6 6. Bg5 Be7 7. e3 Nbd7 8. Bd3 O-O 9. O-O Re8 10. Qc2 c6 11. a4 Nf8 12. Nd2 Be6 13. f3 Rc8 14. Rab1 c5 15. dxc5 Bxc5 16. Nb3 Ba7 17. Nd4 h6 18. Bh4 N8d7 19. Qd2 Ne5 20. Bc2 Nc4 21. Qd3 Nxe3 22. Qxe3 Bf5 23. Qd2 Bxc2 24. Qxc2 Bxd4+ 25. Kh1 Qa5 26. Rfc1 Be3 27. b4 Qc7 28. Bxf6 Bxc1 29. Rxc1 gxf6 30. Qd2 Qe5 31. h3 Rc4 32. f4 0-1

[Event "GER-ch Youth-U18w 2023"]
[Site "Willingen"]
[Date "2023.05.31"]
[Round "6.9"]
[White "Derling, Charlotte"]
[Black "Glowiak, Alexandra"]
[Result "1-0"]
[Annotator "NA RC"]
[ECO "C54"]
[WhiteElo "1664"]
[BlackElo "1660"]
[PlyCount "101"]
[EventDate "2022.06.05"]
[EventType "swiss"]
[EventRounds "9"]
[EventCountry "GER"]
[SourceTitle "playchess.com"]
[Source "ChessBase"]
[SourceQuality "1"]
[TimeControl "40/4500+30:900+30"]

1. e4 e5 2. Nf3 Nc6 3. Bc4 Bc5 4. c3 Nf6 5. d4 exd4 6. e5 d5 7. Bb5 Ne4 8. cxd4 Bb4+ 9. Bd2 Nxd2 10. Nbxd2 Bd7 11. O-O O-O 12. Bxc6 Bxc6 13. a3 Be7 14. Rc1 Bb5 15. Re1 b6 16. Qb3 Ba6 17. Qa4 Bb7 18. b4 c6 19. Rc3 Qd7 20. Qc2 a5 21. e6 fxe6 22. Ne5 Qd6 23. Rh3 h6 24. Rxh6 Rf5 25. g4 gxh6 26. gxf5 exf5 27. Qxf5 Qf6 28. Qd7 Bc8 29. Qe8+ Qf8 30. Qxc6 Bf5 31. Qxd5+ Kh7 32. Kh1 Rd8 33. Qc4 Bc8 34. Qd3+ Bf5 35. Qc4 Bc8 36. Qc6 Rd6 37. Qc2+ Bf5 38. Qc4 Qa8+ 39. f3 Qf8 40. Rg1 Bg5 41. Ne4 Bxe4 42. fxe4 Qe7 43. Rf1 Rf6 44. Rxf6 Bxf6 45. Qb5 Qc7 46. Nc6 axb4 47. axb4 Kg7 48. e5 Bg5 49. d5 Qf7 50. Qd3 Qf2 51. Qd1 1-0

[Event "GER-ch Youth-U18w 2023"]
[Site "Willingen"]
[Date "2023.05.31"]
[Round "6.11"]
[White "Gossing, Marie-Sophie"]
[Black "Dohon, Maria-Johanna"]
[Result "0-1"]
[Annotator "NA RC"]
[ECO "B21"]
[WhiteElo "1395"]
[BlackElo "1507"]
[PlyCount "90"]
[EventDate "2022.06.05"]
[EventType "swiss"]
[EventRounds "9"]
[EventCountry "GER"]
[SourceTitle "playchess.com"]
[Source "ChessBase"]
[SourceQuality "1"]
[TimeControl "40/4500+30:900+30"]

1. e4 c5 2. d4 cxd4 3. c3 dxc3 4. Nxc3 Nc6 5. Nf3 e6 6. Bc4 a6 7. Qe2 d6 8. h3 Nge7 9. O-O b5 10. Bb3 Bb7 11. Rd1 Ng6 12. Be3 Be7 13. Rac1 O-O 14. Qe1 Na5 15. Bc2 Nc4 16. b3 Nxe3 17. Qxe3 Rc8 18. Ne2 Qa5 19. Ned4 b4 20. Bb1 h6 21. Ne2 Rxc1 22. Rxc1 Rc8 23. Rd1 d5 24. e5 Bc5 25. Qd2 Nf8 26. Nfd4 Qb6 27. Kh1 a5 28. f4 Ba6 29. Nc2 Ng6 30. Ng3 Bb5 31. Ne1 Be3 32. Qb2 Bxf4 33. Bxg6 Bxg3 34. Nf3 fxg6 35. Nd4 Bxe5 36. Qf2 Bxd4 37. Qxd4 Qxd4 38. Rxd4 Rc2 39. Rd1 Rxa2 40. Rc1 Rb2 41. Rc5 Bf1 42. Rxa5 Rxb3 43. Kg1 Bc4 44. Ra7 Ra3 45. Re7 b3 0-1

[Event "GER-ch Youth-U18w 2023"]
[Site "Willingen"]
[Date "2023.06.01"]
[Round "7.1"]
[White "Albayrak, Nese Pinar"]
[Black "Wagner, Margarethe"]
[Result "1/2-1/2"]
[Annotator "NA RC COMBH"]
[ECO "B92"]
[WhiteElo "1763"]
[BlackElo "1831"]
[PlyCount "62"]
[EventDate "2022.06.05"]
[EventType "swiss"]
[EventRounds "9"]
[EventCountry "GER"]
[SourceTitle "playchess.com"]
[Source "ChessBase"]
[SourceQuality "1"]
[TimeControl "40/4500+30:900+30"]

1. e4 c5 2. Nf3 d6 3. d4 cxd4 4. Nxd4 Nf6 5. Nc3 a6 6. Be2 e5 7. Nb3 Be7 8. f4 Nbd7 9. g4 Nc5 10. Bf3 Nxb3 11. axb3 Nd7 12. g5 exf4 13. Bxf4 Ne5 14. Nd5 Be6 15. Qe2 Nxf3+ 16. Qxf3 Bxd5 17. exd5 Bxg5 18. Qe3+ Be7 19. Rg1 O-O 20. O-O-O g6 21. Qg3 Rc8 22. Rg2 Bh4 23. Qg4 Bf6 24. Qg3 Bh4 25. Qg4 Bf6 26. Re2 Qb6 27. Kb1 Qc5 28. Be3 Qb5 29. Bf4 Qc5 30. Be3 Qb5 31. Bf4 Qc5 1/2-1/2

[Event "GER-ch Youth-U18w 2023"]
[Site "Willingen"]
[Date "2023.06.01"]
[Round "7.2"]
[White "Heutling, Elina"]
[Black "Peglau, Mirjam"]
[Result "1-0"]
[Annotator "TA"]
[ECO "C45"]
[WhiteElo "1878"]
[BlackElo "1932"]
[PlyCount "114"]
[EventDate "2022.06.05"]
[EventType "swiss"]
[EventRounds "9"]
[EventCountry "GER"]
[SourceTitle "playchess.com"]
[Source "ChessBase"]
[SourceQuality "1"]
[TimeControl "40/4500+30:900+30"]

1. e4 Nc6 2. d4 e5 3. dxe5 Nxe5 4. Nf3 Nxf3+ 5. Qxf3 Qf6 6. Qxf6 Nxf6 7. Bd3 {[%emt 0:02:25] C45: Scotch Game.} d5 {[%emt 0:00:06] [#]} 8. e5 $146 ({Predecessor:} 8. Nd2 Be6 9. exd5 Nxd5 10. a3 O-O-O 11. Ne4 h6 12. Bd2 f5 13. Nc3 g6 14. O-O-O Bg7 {0-1 Westerinen,H (2370)-Yermolinsky,A (2590) Olympiad-31 Moscow 1994 (3.1)}) 8... Nd7 9. O-O {[%emt 0:07:33] Black is slightly better.} Bc5 10. Bf4 O-O 11. c3 {[%emt 0:01:07] Dodges Bd4} c6 12. Nd2 f6 13. exf6 ({Reject} 13. e6 Ne5 14. Bc2 Bxe6 $17) 13... Nxf6 14. b4 Bb6 15. Bd6 Re8 16. Rae1 Be6 17. Nb3 Rad8 18. Bc5 Nd7 19. Nd4 Bf7 20. Bxb6 Nxb6 21. Bc2 Nc4 22. Nf3 Bh5 {[%emt 0:04:37] White must now prevent ...Bxf3.} 23. Rxe8+ Rxe8 24. Re1 (24. Nd4 $1 $11) 24... Rxe1+ $17 25. Nxe1 {[%emt 0:00:01][%mdl 4096] Endgame [#] KBN-KBN} Na3 $1 26. Bf5 Nb5 27. Bc8 Nd6 28. Bd7 (28. Bh3 $17) 28... Kf8 $19 29. Nc2 Ke7 30. Bh3 Nb5 31. Bc8 Bg6 {[%emt 0:03:04] Prevents g4.} 32. Nd4 Nxd4 (32... Nxc3 $17 33. a3 Kd6 34. Bxb7 c5 35. bxc5+ Kxc5 36. Ne6+ Kb6) 33. cxd4 $17 {[%emt 0:00:01] KB-KB} b6 34. f3 Kd6 35. Kf2 c5 36. bxc5+ bxc5 37. Ke3 Bf7 38. f4 Kc7 39. Bf5 g6 40. Bc2 Kb6 41. Kd3 Be6 42. Kc3 Kc6 43. h3 Kd6 44. Bd3 c4 45. Bc2 Bf5 46. Bd1 Be4 47. g3 Ke6 48. Bg4+ {[%emt 0:00:39] [#]} (48. Kb2 $11 {keeps the balance.}) 48... Kf6 (48... Bf5 $1 $17 {[%cal Rf5g4] Hoping for ...Bxg4.} 49. Bf3 Bxh3) 49. h4 $11 {[%emt 0:00:42] The position is equal.} h6 50. Bd7 Bf5 51. Bc6 Be6 52. Ba4 $1 Bf5 53. Bc6 Ke6 54. Be8 Be4 55. Kd2 Bb1 56. Kc3 Kf5 {[%emt 0:00:53] ...Kg4 is the strong threat.} 57. Bf7 Be4 {[%emt 0:00:19][%mdl 32768] Black had all chances to win.   Weighted Error Value: White=0.14 (very precise) /Black=0.14 (very precise) . Loss on time!?} 1-0

[Event "GER-ch Youth-U18w 2023"]
[Site "Willingen"]
[Date "2023.06.01"]
[Round "7.3"]
[White "Groeschel, Karoline"]
[Black "Buchholz, Maja Patricia"]
[Result "1-0"]
[Annotator "NA RC COMBH"]
[ECO "B12"]
[WhiteElo "1892"]
[BlackElo "1899"]
[PlyCount "83"]
[EventDate "2022.06.05"]
[EventType "swiss"]
[EventRounds "9"]
[EventCountry "GER"]
[SourceTitle "playchess.com"]
[Source "ChessBase"]
[SourceQuality "1"]
[TimeControl "40/4500+30:900+30"]

1. e4 c6 2. d4 d5 3. e5 Bf5 4. h4 h5 5. Bd3 Bxd3 6. Qxd3 e6 7. Nf3 Ne7 8. Bg5 Qb6 9. Nbd2 Nd7 10. O-O Nf5 11. c4 dxc4 12. Nxc4 Qb5 13. a4 Qa6 14. b3 Bb4 15. Bd2 Bxd2 16. Qxd2 O-O 17. Qg5 g6 18. Ne3 Qd3 19. Rad1 Qe4 20. Nxf5 Qxf5 21. Qh6 Rfd8 22. Ng5 Nf8 23. Rfe1 Qc2 24. Ne4 f5 25. exf6 Rd7 26. Rd2 Qxb3 27. Nc5 Qd5 28. Nxd7 Qxd7 29. d5 cxd5 30. Rxd5 Qh7 31. Qxh7+ Kxh7 32. Rc5 b6 33. Rc7+ Kh6 34. Re7 Rd8 35. Rxa7 g5 36. hxg5+ Kxg5 37. f7 Kf6 38. Re3 Rb8 39. Rf3+ Kg6 40. Rg3+ Kf6 41. Rg8 Rc8 42. Kh2 1-0